 Dungeon Crawl Stone Soup version 0.18.1-50-g88ac8fd (webtiles) character file.

126 yackwabbitt the Conjurer (level 4, 0/24 HPs)
             Began as a Deep Elf Conjurer on Sept 21, 2016.
             Was an Initiate of Sif Muna.
             Succumbed to a scorpion's poison
             ... on level 3 of the Dungeon.
             The game lasted 00:19:05 (2111 turns).

yackwabbitt the Conjurer (Deep Elf Conjurer)        Turns: 2111, Time: 00:19:06

Health: 0/24       AC:  4    Str:  5    XL:     4   Next: 84%
Magic:  5/12       EV: 13    Int: 21    God:    Sif Muna [......]
Gold:   83         SH:  0    Dex: 15    Spells: 2 memorised, 9 levels left

rFire  . . .     SeeInvis .     m - +0 spear
rCold  . . .     Gourm    .     s - +2 robe {MR+}
rNeg   . . .     Faith    .     (no shield)
rPois  .         Spirit   .     (no helmet)
rElec  .         Dismiss  .     (no cloak)
rCorr  +         Reflect  .     (no gloves)
SustAt .         Harm     .     (no boots)
MR     +....                    (no amulet)
Stlth  ++........               (no ring)
                                e - ring of resist corrosion

@: lethally poisoned (0 -> -10), somewhat resistant to hostile enchantments,
unstealthy
A: no striking features
a: Renounce Religion


You were on level 3 of the Dungeon.
You worshipped Sif Muna.
Sif Muna was noncommittal.
You were not hungry.

You visited 1 branch of the dungeon, and saw 3 of its levels.

You collected 83 gold pieces.

Inventory:

Hand Weapons
 l - a +0 dagger
 m - a +0 spear (weapon)
Armour
 a - a +0 robe
 s - a +2 robe of magic resistance (worn)
Jewellery
 e - a ring of resist corrosion (left hand)
 g - an uncursed ring of resist corrosion
Scrolls
 h - 2 scrolls of teleportation {unknown}
 j - 2 scrolls of remove curse {unknown}
 k - a scroll of blinking {unknown}
 o - a scroll of amnesia {unknown}
 p - a scroll of fear {unknown}
 r - 2 scrolls of identify {unknown}
 v - a scroll of random uselessness {unknown}
Potions
 d - 2 potions of ambrosia {unknown}
 f - 2 potions of mutation {unknown}
 q - 2 potions of heal wounds {unknown}
 t - a potion of flight {unknown}
 w - a potion of haste {unknown}
Books
 b - a book of Conjurations

   Spells                             Type                      Level
   a - Magic Dart                     Conjuration                  1
   b - Searing Ray                    Conjuration                  2
   c - Dazzling Spray                 Conjuration/Hexes            3
   d - Fulminant Prism                Conjuration/Hexes            4
   e - Iskenderun's Mystic Blast      Conjuration                  4
   f - Iskenderun's Battlesphere      Conjuration/Charms           5
Comestibles
 c - 2 bread rations
 i - 3 meat rations
 n - 2 fruits
 u - a beef jerky


   Skills:
 + Level 0.1 Fighting
 + Level 0.1 Polearms
 + Level 3.2 Dodging
 + Level 2.6 Stealth
 + Level 4.6 Spellcasting
 + Level 5.6 Conjurations


You had 9 spell levels left.
You knew the following spells:

 Your Spells              Type           Power        Failure   Level  Hunger
a - Magic Dart            Conj           ####         1%          1    None
b - Searing Ray           Conj           ####..       1%          2    #......


Dungeon Overview and Level Annotations

Branches:
Dungeon (3/15)

Altars:
Gozag
Nemelex Xobeh
Okawaru
Sif Muna


Message History

Confirm with . or Enter, or press ? or * to list all spells.
Aiming: Searing Ray
Press: ? - help, Shift-Dir - straight line, f/p - scorpion
Aim: a scorpion (heavily wounded)
The searing ray hits the scorpion.
The scorpion is heavily wounded.
You feel sick. The scorpion stings you.
* * * LOW HITPOINT WARNING * * *
Casting: Searing Ray
Confirm with . or Enter, or press ? or * to list all spells.
Aiming: Searing Ray
Press: ? - help, Shift-Dir - straight line, f/p - scorpion
Aim: a scorpion (heavily wounded)
The searing ray hits the scorpion.
The scorpion is almost dead.
* * * LOW HITPOINT WARNING * * *
You feel sick. The scorpion completely misses you.
* * * LOW HITPOINT WARNING * * *
You feel sick.
You die...

. #.###....##
.##........#
...........#
#####......###
#.#......####
#.###..#.....
#.....###.###
#####..#..#
##.@.## #.s##
######..###
...........#
######.###.##
#. #..#
##.###..##
#........#
#.####...#


You could see a scorpion.

Vanquished Creatures
  A gnoll (D:1)
  5 adders (D:2)
  An ooze (D:2)
  A dart slug (D:1)
  An orc (D:3)
  5 giant cockroaches
  11 goblins
  6 hobgoblins
  6 jackals (D:1)
  8 bats
  3 giant newts
  6 kobolds
  10 rats
64 creatures vanquished.

Notes
Turn   | Place    | Note
--------------------------------------------------------------
     0 | D:1      | yackwabbitt the Deep Elf Conjurer began the quest for the Orb.
     0 | D:1      | Reached XP level 1. HP: 10/10 MP: 6/6
   182 | D:1      | Reached XP level 2. HP: 14/15 MP: 4/8
   191 | D:1      | Learned a level 2 spell: Searing Ray
   307 | D:1      | Reached skill level 5 in Conjurations
   363 | D:1      | Reached XP level 3. HP: 19/19 MP: 7/10
  1066 | D:2      | Reached XP level 4. HP: 6/24 MP: 4/12
  1084 | D:2      | HP: 1/24 [poisoned by an adder]
  1182 | D:2      | Found a faded altar to an unknown god.
  1192 | D:2      | Became a worshipper of Warmaster Okawaru
  1192 | D:2      | Reached * piety under Okawaru
  1490 | D:2      | Found an opulent altar of Gozag.
  1633 | D:2      | Found a sparkling altar of Nemelex Xobeh.
  1968 | D:3      | Found a deep blue altar of Sif Muna.
  1983 | D:3      | Fell from the grace of Okawaru
  1983 | D:3      | Became a worshipper of Sif Muna the Loreminder
  2110 | D:3      | HP: 1/24 [poisoned by a scorpion]
  2111 | D:3      | Succumbed to a scorpion's poison

Skill      XL: |  1  2  3  4 |
---------------+-------------+-----
Conjurations   | 5 |  5.6
Spellcasting   | 4 |  4.6
Dodging        | 3 |  3.2
Fighting       | |  0.1
Polearms       | |  0.1
Stealth        | |  2.6

Action                   |  1- 3 |  4- 6 || total
-------------------------+-------+-------++-------
Melee: Unarmed           |    10 |       ||    10
       Spear             |     9 |     8 ||    17
 Cast: Magic Dart        |    56 |    34 ||    90
       Searing Ray       |     8 |    16 ||    24
  Use: Potion            |       |     2 ||     2
  Eat: Bread ration      |       |     1 ||     1
       Fruit             |       |     1 ||     1
Armor: Robe              |    12 |    14 ||    26
Dodge: Dodged            |    16 |    33 ||    49
